 Dungeon Crawl Stone Soup version 0.14-a0-1626-g054e7ae (webtiles) character file.

572 M4edhros the Digger (level 6, 0/36 HPs)
             Began as an Octopode Earth Elementalist on Dec 25, 2013.
             Succumbed to an adder's poison
             ... on Level 5 of the Dungeon.
             The game lasted 00:07:20 (5527 turns).

M4edhros the Digger (Octopode Earth Elementalist)   Turns: 5527, Time: 00:07:21

HP   0/36        AC  1     Str  7      XL: 6   Next: 52%
MP  13/13        EV 12     Int 25      God:
Gold 239         SH  0     Dex 12      Spells:  3 memorised,  6 levels left

rFire  . . .     SeeInvis .     c - +1,+0 dagger (drain)
rCold  . . .     Clarity  .     (no shield)
rNeg   . . .     Conserve .     (helmet restricted)
rPois  .         rCorr    .     (no amulet)
rElec  .         rRot     .     n - ring of flight
SustAb . .       Spirit   .     (no ring)
rMut   .         Warding  .     (no ring)
Saprov . . .     Stasis   .     (no ring)
                                (no ring)
                                (no ring)
                                (no ring)
                                (no ring)

@: brilliant, mildly poisoned, slightly resistant to hostile enchantments, quite
stealthy
A: almost no armour, amphibious, 8 rings, constrict 8, camouflage 1, gelatinous
body 1
a: Evoke Flight


You were on level 5 of the Dungeon.
You were not hungry.

You visited 1 branch of the dungeon, and saw 5 of its levels.

You collected 239 gold pieces.

Inventory:

Hand weapons
 c - a +1,+0 dagger of draining (weapon)
 k - a +2,+2 sling of frost
Missiles
 b - 127 stones (quivered)
 g - 18 darts
 j - 34 bolts
 m - 19 darts of flame
 o - 51 arrows
 p - 43 sling bullets
 t - 7 needles of slowing
 u - 20 poisoned needles
Magical devices
 w - a wand of lightning (5) {unknown}
Comestibles
 a - 3 bread rations
 f - 3 chokos
 B - a rotting chunk of quokka flesh
 E - a chunk of worker ant flesh
Scrolls
 h - a scroll of curse jewellery {unknown}
 i - 2 scrolls of curse armour {unknown}
 l - 5 scrolls of identify
 q - a scroll of fog {unknown}
 r - a scroll of blinking
 s - a scroll of immolation {unknown}
 x - a scroll of enchant weapon I {unknown}
 y - 2 scrolls of remove curse
 z - a scroll of magic mapping
 A - a scroll of fear
 C - a scroll of enchant weapon II
 D - a scroll of teleportation
Jewellery
 n - a ring of flight (left tentacle)
Potions
 e - a potion of might
 v - 3 potions of speed
Books
 d - a book of Geomancy

   Spells                             Type                      Level
   *Sandblast                         Earth                        1
   *Stoneskin                         Transmutation/Earth          2
   Passwall                           Transmutation/Earth          3
   *Stone Arrow                       Conjuration/Earth            3
   Petrify                            Transmutation/Earth          4
   Lee's Rapid Deconstruction         Earth                        5


   Skills:
 - Level 2.0 Dodging
 - Level 2.6 Stealth
 + Level 3.7 Spellcasting
 - Level 1.0 Transmutations
 * Level 6.1 Earth Magic


You had 6 spell levels left.
You knew the following spells:

 Your Spells              Type           Power        Failure   Level  Hunger
a - Sandblast             Erth           ######       1%          1    None
b - Stoneskin             Trmt/Erth      #####.....   1%          2    #......
c - Stone Arrow           Conj/Erth      #####.       1%          3    ###....


Dungeon Overview and Level Annotations

Branches:
Dungeon (5/16)
 Temple: D:4-7

Altars:
the Shining One


Innate Abilities, Weirdness & Mutations

You cannot wear most types of armour.
You are amphibious.
You can wear up to eight rings at the same time.
You can use your tentacles to constrict many enemies at once.
Your skin changes colour to match your surroundings (Stlth).
Your rubbery body absorbs attacks (AC +1).


Message History

The quokka barely misses you.
You completely miss the adder. Your grab misses the adder. The adder bites you.
* * * LOW HITPOINT WARNING * * *
You are more poisoned.
The adder poisons you! The quokka bites you.
* * * LOW HITPOINT WARNING * * *
The adder bites you.
* * * LOW HITPOINT WARNING * * *
Drink which item? (? for menu, Esc to quit)
You feel clever all of a sudden.
It was a potion of brilliance.
The adder barely misses you. The quokka barely misses you.
Read which item? (? for menu, Esc to quit)
As you read the scroll of fear, it crumbles to dust.
You assume a fearsome visage.
The adder looks frightened!
The quokka looks frightened!
* * * LOW HITPOINT WARNING * * *
You feel sick.
You feel a little better.
You die...

#............#
#...####.....#
#...# #.....#
#..<# #.....#
#...####.....#
#......#.....#
#............#
####............#
........@.......#
................#
###.....%......#
##..r...S....#
#...........#
##...#####..#
#...# .. #...#
#....


You could see an adder (fleeing) and a quokka (fleeing).

Vanquished Creatures
  A hound (D:4)
  A giant frog skeleton (D:5)
  A water moccasin skeleton (D:4)
  An orc priest (D:3)
  3 worker ants
  An ogre skeleton (D:4)
  6 adders
  4 worms
  2 giant geckos
  4 orcs
  2 ball pythons
  A giant cockroach (D:1)
  A giant mite (D:4)
  9 goblins
  10 hobgoblins
  6 jackals (D:2)
  10 kobolds
  3 quokkas
  12 bats
  5 giant newts
  A jackal skeleton (D:4)
  8 rats
  A plant (D:4)
93 creatures vanquished.

Notes
Turn   | Place    | Note
--------------------------------------------------------------
     0 | D:1      | M4edhros, the Octopode Earth Elementalist, began the quest for the Orb.
     0 | D:1      | Reached XP level 1. HP: 11/11 MP: 3/3
   470 | D:1      | Reached XP level 2. HP: 13/17 MP: 4/4
  1196 | D:1      | Reached XP level 3. HP: 11/21 MP: 6/6
  1669 | D:2      | Reached skill level 4 in Earth Magic
  1712 | D:2      | Learned a level 2 spell: Stoneskin
  1716 | D:2      | Learned a level 3 spell: Stone Arrow
  2285 | D:2      | Reached XP level 4. HP: 21/27 MP: 8/8
  2542 | D:3      | HP: 1/27 [poisoned by an adder]
  3489 | D:3      | Reached XP level 5. HP: 18/31 MP: 11/11
  3490 | D:3      | Paralysed by a potion of paralysis for 7 turns
  3698 | D:3      | Reached skill level 5 in Earth Magic
  3864 | D:3      | Found a glowing golden altar of the Shining One.
  4415 | D:4      | HP: 1/31 [poisoned by a worker ant]
  4592 | D:4      | Reached XP level 6. HP: 29/36 MP: 13/13
  5449 | D:5      | Entered Level 5 of the Dungeon
  5468 | D:5      | Reached skill level 6 in Earth Magic
  5526 | D:5      | HP: 1/36 [poisoned by an adder]
  5527 | D:5      | Succumbed to an adder's poison

Action                   |  1- 3 |  4- 6 || total
-------------------------+-------+-------++-------
Melee: Unarmed           |    75 |       ||    75
       Dagger            |    30 |    96 ||   126
 Fire: Sling             |    39 |   177 ||   216
  Use: Scroll            |     8 |     2 ||    10
       Potion            |     4 |     5 ||     9
 Stab: Sleeping          |     7 |     5 ||    12
       Invisible         |       |     2 ||     2
